Match 41282215
Unlisted

Match 41282215
End
Panzerpioneer Squad
Selects Italian Infantry
Panzergrenadier Squad
250 Light Carrier
250 Light Carrier
Construct Light Support Kompanie
Combat Half-tracks
Fire Support Elements
Selects Guastatori Squad
Guastatori Squad
Guastatori Squad
Construct Mechanized Kompanie
Jarekk
Krzemyk
BIOHAZARD
[LoB]Fagio
0
0

Comments sign in to comment!

No comments posted yet!